Map: Romanticide LE

Players

Antis

  • Race: Zerg Zerg

Neeb - Winner!

  • Race: Protoss Protoss

VOD

Have the link to the VOD?

Description

Time

  • Played on: Oct. 7, 2021, 3:18 p.m.
  • Length: 16:58
Show
View Real Time Build Order
Export as new Build Order

Antis Zerg 

Build Orders: Hatch First, Lurkers, Roach Hydra 

Get SALT Encoding   

  12  0:00  Drone  
  13  0:12  Overlord  
  13  0:17  Drone  
  14  0:30  Drone x2  
  16  0:47  Drone  
  17  0:52  Hatchery  
  17  0:57  Drone  
  17  0:58  Drone  
  18  1:10  Extractor  
  17  1:14  Spawning Pool  
  17  1:17  Drone  
  17  1:19  Drone  
  18  1:28  Drone  
  19  1:39  Overlord  
  19  1:49  Drone  
  20  2:01  Queen  
  20  2:03  Zergling x2  
  20  2:04  Zergling x2, Queen  
  26  2:12  Drone  
  26  2:13  Metabolic Boost  
  26  2:14  Drone  
  28  2:21  Drone  
  29  2:32  Drone  
  29  2:36  Hatchery  
  29  2:44  Drone x2  
  29  2:47  Queen  
  33  2:54  Overlord  
  33  3:01  Drone x3  
  36  3:12  Overlord  
  36  3:14  Zergling x4  
  36  3:16  Drone x2  
  40  3:25  Queen  
  42  3:27  Drone, Spore Crawler  
  42  3:32  Queen  
  44  3:40  Drone x3  
  47  3:45  Drone x4  
  47  3:48  Overlord  
  50  3:58  Drone x3  
  53  4:05  Drone x3, Spore Crawler  
  53  4:08  Zergling x2  
  53  4:09  Zergling x2  
  56  4:13  Drone  
  57  4:17  Queen  
  57  4:20  Spore Crawler  
  57  4:21  Drone x3  
  61  4:29  Drone x2  
  62  4:32  Drone x2  
  62  4:33  Drone x3  
  65  4:39  Evolution Chamber, Lair  
  65  4:41  Zergling x4  
  66  4:48  Overlord  
  66  4:49  Overlord  
  66  4:51  Overlord  
  66  4:54  Extractor  
  66  4:57  Roach Warren  
  64  5:03  Zergling x4  
  65  5:14  Drone x5  
  70  5:17  Overlord  
  70  5:18  Drone x6  
  76  5:22  Zerg Missile Weapons Level 1, Overlord  
  76  5:28  Extractor  
  72  5:31  Drone x2  
  72  5:33  Drone x2  
  73  5:38  Glial Reconstitution  
  73  5:39  Hatchery  
  73  5:40  Extractor  
  73  5:42  Drone x3, Extractor  
  73  5:45  Drone x2  
  75  5:55  Drone x6  
  79  6:07  Drone x5  
  79  6:08  Overlord  
  79  6:09  Infestation Pit  
  79  6:10  Overlord  
  83  6:11  Overseer  
  83  6:16  Roach x2  
  83  6:17  Roach x2  
  91  6:20  Drone x2  
  91  6:23  Extractor  
  92  6:28  Drone x2, Hydralisk Den  
  92  6:29  Drone x3  
  92  6:31  Overlord  
  93  6:44  Drone x2  
  93  6:45  Drone x6  
  100  6:47  Spore Crawler  
  100  6:51  Hive  
  100  6:53  Overlord  
  100  6:54  Overlord  
  99  6:58  Grooved Spines  
  99  7:02  Roach x7  
  99  7:04  Ravager x3  
  114  7:08  Extractor  
  114  7:12  Roach x3  
  114  7:13  Roach x2  
  122  7:16  Overlord x2  
  122  7:22  Zerg Missile Weapons Level 2  
  122  7:24  Drone x5  
  122  7:27  Drone  
  128  7:35  Hydralisk x5  
  138  7:47  Hydralisk x2  
  138  7:48  Hydralisk x2, Zergling x2, Roach  
  138  7:49  Zergling x4  
  151  7:51  Overlord x2  
  151  7:58  Drone x2  
  153  8:00  Lurker Den  
  153  8:01  Extractor  
  151  8:06  Overseer  
  151  8:09  Muscular Augments  
  151  8:10  Hatchery  
  146  8:13  Hydralisk  
  146  8:14  Hydralisk x3  
  153  8:25  Roach  
  153  8:26  Roach x8  
  143  8:34  Hydralisk x3  
  134  9:00  Drone x3  
  134  9:02  Drone x3  
  136  9:03  Spine Crawler  
  136  9:04  Spine Crawler  
  136  9:05  Lurker x2  
  136  9:10  Lurker  
  136  9:12  Zergling x14  
  136  9:13  Zergling x2  
  145  9:19  Drone x4  
  149  9:24  Drone x4  
  149  9:26  Lurker Den, Overlord x3  
  149  9:30  Hydralisk  
  149  9:31  Hydralisk x3  
  160  9:40  Evolution Chamber, Zerg Missile Weapons Level 3  
  160  9:44  Pneumatized Carapace  
  159  9:46  Burrow  
  159  10:00  Spore Crawler  
  159  10:01  Drone x4, Spine Crawler, Extractor  
  159  10:02  Drone x5  
  165  10:08  Drone x3  
  165  10:10  Zerg Ground Armor Level 1  
  165  10:11  Hydralisk x6  
  165  10:13  Spore Crawler  
  178  10:28  Seismic Spines  
  174  10:30  Hydralisk x8  
  176  10:44  Hydralisk x6  
  176  10:45  Zergling x8  
  188  10:50  Extractor  
  187  10:59  Spire  
  187  11:00  Zergling x6  
  187  11:01  Zergling x4  
  191  11:04  Hatchery  
  191  11:05  Spine Crawler, Adrenal Glands  
  191  11:11  Lurker  
  187  11:14  Lurker  
  185  11:20  Lurker  
  185  11:25  Adaptive Talons  
  186  11:36  Zergling x2  
  186  11:37  Zergling x14  
  183  11:47  Lurker x2  
  183  11:48  Lurker x5  
  183  11:52  Spore Crawler  
  165  12:09  Hydralisk x12  
  176  12:23  Hatchery  
  176  12:24  Hydralisk  
  176  12:25  Hydralisk x2, Lurker x2  
  176  12:26  Zergling x32  
  196  12:49  Hydralisk x8  
  187  13:02  Hydralisk x6  
  181  13:08  Drone x2  
  181  13:09  Drone x3  
  181  13:10  Queen x4  
  156  13:13  Hydralisk  
  156  13:14  Hydralisk x2  
  150  13:21  Lurker  
  150  13:22  Lurker x3  
  150  13:27  Infestor  
  150  13:29  Zergling x2  
  150  13:30  Zergling x6  
  150  13:32  Overseer  
  156  13:35  Drone x2  
  156  13:37  Spine Crawler  
  149  13:41  Hatchery  
  149  13:46  Zerg Melee Weapons Level 1, Zerg Ground Armor Level 2  
  148  13:55  Hydralisk  
  148  13:56  Hydralisk x5  
  148  14:01  Hatchery x2, Zergling x6  
  161  14:11  Zerg Flyer Weapons Level 1, Infestor  
  163  14:17  Hydralisk  
  163  14:18  Hydralisk x4  
  173  14:32  Hydralisk, Infestor  
  173  14:33  Hydralisk x6  
  174  14:47  Hydralisk  
  174  14:48  Hydralisk x7  
  167  15:01  Infestor x3  
  167  15:04  Lurker x2  
  167  15:05  Lurker x2  
  167  15:06  Hatchery, Zergling x10  
  173  15:13  Hydralisk x14  
  173  15:16  Hatchery  
  173  15:17  Lurker x2  
  174  15:23  Hatchery  
  167  15:42  Overseer  
  163  15:46  Zergling x12  
  163  15:47  Zergling x2  
  168  15:53  Hydralisk x3  
  168  15:54  Zergling x10  
  177  16:00  Spine Crawler  
  177  16:02  Corruptor  
  177  16:03  Corruptor x5  
  179  16:19  Corruptor  
  179  16:20  Corruptor x3  
Show
View Real Time Build Order
Export as new Build Order

Neeb Protoss - Winner!

Build Orders: 1 Gate Expand, Oracle Opening, Archon Immortal, Carriers 

Get SALT Encoding   

  12  0:00  Probe  
  13  0:12  Probe  
  14  0:19  Pylon  
  14  0:24  Probe  
  15  0:37  Probe (Chrono Boost)  
  15  0:40  Gateway  
  16  0:47  Probe (Chrono Boost)  
  17  0:51  Assimilator  
  17  0:52  Probe (Chrono Boost)  
  18  1:04  Probe  
  19  1:16  Probe  
  20  1:27  Nexus  
  20  1:40  Cybernetics Core  
  20  1:41  Probe  
  21  1:48  Assimilator  
  21  1:54  Probe  
  22  1:56  Pylon  
  22  2:06  Probe (Chrono Boost)  
  24  2:16  Probe (Chrono Boost)  
  24  2:17  Stargate  
  24  2:19  Adept  
  24  2:21  Probe (Chrono Boost)  
  27  2:30  Warp Gate  
  27  2:32  Probe (Chrono Boost)  
  28  2:39  Probe (Chrono Boost)  
  28  2:41  Probe (Chrono Boost)  
  30  2:47  Probe  
  30  2:49  Adept  
  33  2:52  Probe  
  33  2:58  Oracle (Chrono Boost)  
  34  2:59  Probe  
  34  3:04  Probe  
  39  3:10  Gateway  
  39  3:11  Probe  
  40  3:13  Pylon  
  40  3:16  Probe  
  41  3:24  Probe  
  42  3:29  Oracle (Chrono Boost)  
  42  3:30  Probe  
  46  3:34  Adept  
  46  3:35  Pylon  
  46  3:36  Probe  
  49  3:42  Probe  
  50  3:48  Probe  
  50  3:54  Probe  
  52  4:00  Nexus  
  52  4:01  Probe  
  53  4:03  Oracle (Chrono Boost)  
  53  4:09  Probe  
  57  4:13  Assimilator  
  57  4:15  Assimilator  
  57  4:16  Pylon  
  57  4:17  Probe  
  57  4:22  Probe  
  59  4:29  Probe  
  57  4:34  Probe  
  57  4:38  Robotics Facility  
  58  4:40  Adept x2, Forge  
  58  4:41  Probe  
  63  4:46  Probe  
  63  4:49  Pylon  
  63  4:50  Shield Battery  
  64  4:53  Probe  
  64  4:58  Probe  
  66  5:00  Pylon  
  66  5:04  Sentry  
  66  5:05  Probe, Sentry  
  69  5:10  Probe (Chrono Boost), Protoss Ground Weapons Level 1  
  70  5:17  Probe (Chrono Boost)  
  70  5:18  Probe (Chrono Boost)  
  72  5:22  Probe (Chrono Boost)  
  72  5:24  Assimilator x2  
  72  5:27  Immortal  
  78  5:28  Probe (Chrono Boost)  
  78  5:30  Probe (Chrono Boost)  
  78  5:33  Probe (Chrono Boost)  
  78  5:34  Probe x2 (Chrono Boost)  
  76  5:37  Sentry  
  76  5:40  Robotics Bay  
  80  5:44  Probe  
  80  5:45  Twilight Council, Probe  
  80  5:46  Probe  
  83  5:51  Zealot  
  83  5:56  Probe  
  86  5:57  Probe  
  86  5:58  Probe  
  86  6:01  Gateway  
  86  6:02  Gateway, Pylon  
  88  6:06  Pylon  
  88  6:07  Observer  
  88  6:08  Probe  
  90  6:11  Gateway  
  90  6:12  Gateway  
  90  6:16  Gateway, Charge (Chrono Boost)  
  90  6:19  Gateway  
  90  6:26  Templar Archives  
  90  6:27  Probe x2  
  90  6:30  Disruptor (Chrono Boost)  
  95  6:35  Zealot x2  
  99  6:50  Photon Cannon  
  99  6:51  Pylon  
  99  6:52  Nexus, Pylon  
  99  6:55  Photon Cannon  
  99  7:00  Probe x2  
  101  7:02  Probe  
  102  7:10  Warp Prism (Chrono Boost)  
  102  7:12  Probe x2, High Templar x4  
  111  7:16  Archon x2  
  111  7:17  Zealot x2, High Templar x2  
  111  7:20  Photon Cannon  
  119  7:22  Protoss Ground Weapons Level 2 (Chrono Boost)  
  119  7:24  Archon, Pylon  
  119  7:27  Probe  
  119  7:29  Probe  
  121  7:38  Zealot x2  
  121  7:43  Pylon  
  125  7:44  Disruptor (Chrono Boost)  
  125  7:50  Probe x3  
  131  7:54  Robotics Facility  
  131  7:57  Zealot x5  
  141  8:02  Pylon  
  141  8:03  Pylon  
  131  8:24  Zealot x7  
  126  8:27  Zealot, Probe x2  
  126  8:30  Immortal (Chrono Boost), Probe x2  
  119  8:39  Probe x2  
  121  8:42  Probe x2  
  121  8:44  Stalker x2, Observer  
  121  8:45  Stalker  
  121  8:46  High Templar x4  
  121  8:48  Immortal (Chrono Boost)  
  124  8:51  Probe  
  124  8:52  Archon x2  
  123  8:55  Photon Cannon  
  123  8:57  Assimilator x2  
  123  8:59  Zealot  
  123  9:00  Immortal (Chrono Boost)  
  127  9:19  Gateway  
  127  9:20  Immortal (Chrono Boost)  
  127  9:21  Gateway, Pylon  
  131  9:25  High Templar x2  
  131  9:26  Zealot x4  
  131  9:30  Archon  
  143  9:31  Zealot x2  
  143  9:34  Photon Cannon  
  143  9:37  Photon Cannon  
  143  9:38  Psionic Storm  
  147  9:39  Photon Cannon, Immortal  
  147  9:40  Shield Battery  
  149  9:46  High Templar x3  
  149  9:51  Stalker  
  157  9:59  High Templar  
  159  10:06  Pylon  
  159  10:08  Observer, Nexus, Pylon  
  160  10:14  Zealot, Pylon  
  160  10:17  High Templar  
  160  10:18  Immortal, Zealot x4  
  160  10:20  Protoss Ground Weapons Level 3 (Chrono Boost)  
  172  10:42  Photon Cannon x2, Protoss Air Weapons Level 1 (Chrono Boost)  
  172  10:44  Photon Cannon  
  172  10:46  Shield Battery  
  172  10:47  Pylon, Shield Battery  
  172  10:50  High Templar x2  
  172  10:51  Zealot x3  
  172  10:56  Archon  
  178  11:04  Photon Cannon  
  178  11:06  Photon Cannon  
  178  11:07  Shield Battery  
  178  11:09  Fleet Beacon  
  178  11:10  Stargate  
  176  11:14  Stargate  
  176  11:15  Immortal x2  
  180  11:24  Assimilator  
  180  11:26  Assimilator  
  180  11:30  High Templar x2  
  180  11:32  Zealot x7  
  188  11:54  Observer  
  183  12:03  Carrier (Chrono Boost)  
  183  12:05  Carrier (Chrono Boost)  
  195  12:13  Carrier (Chrono Boost)  
  181  12:22  Zealot x3  
  181  12:23  Zealot x6  
  181  12:27  High Templar  
  200  12:36  Dark Shrine  
  200  12:40  Protoss Air Weapons Level 2 (Chrono Boost)  
  200  12:47  Zealot x2  
  177  12:59  Carrier x2  
  177  13:05  Zealot x8  
  174  13:17  Warp Prism (Chrono Boost)  
  155  13:26  High Templar x2  
  161  13:28  Probe x3  
  161  13:32  Carrier (Chrono Boost)  
  164  13:37  Zealot x8  
  164  13:39  Pylon  
  178  13:42  Assimilator  
  174  13:58  High Templar x5  
  184  14:03  Zealot x5  
  184  14:08  Protoss Shields Level 1  
  192  14:10  Photon Cannon  
  192  14:11  Photon Cannon  
  192  14:12  Photon Cannon  
  192  14:14  Shield Battery  
  192  14:16  Pylon  
  192  14:27  Zealot x4  
  190  14:44  Nexus  
  160  14:56  Carrier x2 (Chrono Boost)  
  160  14:59  High Templar x4  
  184  15:00  Zealot x5  
  184  15:04  Archon  
  184  15:05  Archon  
  184  15:06  Carrier (Chrono Boost)  
  194  15:11  Dark Templar  
  196  15:21  High Templar  
  198  15:24  Pylon  
  198  15:26  Unknown  
  196  15:48  Photon Cannon  
  196  15:49  Photon Cannon, Shield Battery  
  196  15:54  Pylon  
  196  15:55  Dark Templar x2  
  196  16:06  High Templar x2  
  196  16:10  Archon  
  190  16:21  Zealot x5  
  200  16:31  Zealot x3  
  198  16:44  Dark Templar  
Tags
 
Add a new tag
Caveats
  • Supply blocks, unpowered buildings, or Contaminate may cause inaccurate times.
  • Supply counts are checked every 10 seconds.